AoeStats
← disgruntledDutch

Lombardia

509775055Analyzed
3v3 RM · 4d ago on Sep 28, 2026· 65m 13s· 6 players
Game mode
Random Map
Map size
Normal (6 player)
Population
200
Speed
Normal
Resources
Standard
Victory
Conquest
Starting age
Dark Age
Ending age
Imperial Age
RankedLock teamsTeams togetherTeam positionsShared explorationLock speedFull tech treeHidden civsTurbo modeCheats
Victory
Defeat
🇺🇸 Lithuanians · United States
1056
+14
🇺🇸 Armenians · United States
1052
+14
🇺🇸 Magyars · United States
1028
+14
🇨🇱 Maya · Chile
1008
-15
🇨🇱 Khmer · Chile
1007
-14
989
-13
disgruntledDutch
5:13 Loom
11:06 Feudal Age
11:47 Double-Bit Axe
16:03 Bloodlines
18:12 Scale Barding Armor
20:15 Padded Archer Armor
20:29 Forging
26:24 Castle Age
25:16 Fletching
25:28 Padded Archer Armor
25:26 Horse Collar
27:25 Husbandry
28:09 Bow Saw
28:54 Stone Mining
28:59 Gold Mining
30:13 Heavy Plow
31:47 Chain Barding Armor
32:03 Iron Casting
32:13 Wheelbarrow
31:26 Town Watch
33:38 Stone Shaft Mining
34:24 Hand Cart
34:08 Light Cavalry
35:05 Thumb Ring
35:54 Elite Skirmisher
37:53 Masonry
37:25 Treadmill Crane
41:54 Imperial Age
40:07 Bodkin Arrow
40:28 Leather Archer Armor
42:52 Cavalier
43:03 Crossbowman
44:50 Plate Barding Armor
44:15 Paladin
45:51 Crop Rotation
47:28 Redemption
47:36 Block Printing
52:19 Fervor
52:33 Sanctity
52:58 Crossbowman
54:42 Conscription
54:25 Tower Shields
55:01 Hoardings
56:51 Winged Hussar
58:22 Town Patrol
60:08 Architecture
60:00 Ballistics
60:41 Chemistry
59:07 Onager
AmateurHour
5:39 Loom
11:58 Feudal Age
12:25 Double-Bit Axe
12:26 Man-at-Arms
14:39 Arson
16:16 Horse Collar
18:09 Wheelbarrow
17:34 Long Swordsman
19:29 Scale Mail Armor
19:29 Padded Archer Armor
19:43 Forging
20:27 Forging
30:19 Castle Age
31:25 Hand Cart
31:03 Gold Mining
31:24 Bow Saw
30:46 Two-Handed Swordsman
31:28 Squires
31:13 Gambesons
35:37 Chain Mail Armor
35:57 Iron Casting
34:59 Champion
38:32 Imperial Age
39:46 Plate Mail Armor
40:16 Blast Furnace
39:08 Capped Ram
40:41 Stone Mining
41:29 Gold Shaft Mining
43:54 Heavy Plow
46:06 Onager
47:16 Murder Holes
52:17 Conscription
Velt2216
11:10 Feudal Age
12:02 Double-Bit Axe
13:00 Bloodlines
17:50 Scale Barding Armor
25:38 Castle Age
24:32 Horse Collar
24:46 Stone Mining
24:49 Gold Mining
25:02 Scale Mail Armor
25:02 Padded Archer Armor
24:52 Fletching
26:47 Bow Saw
27:16 Husbandry
30:11 Corvinian Army
31:44 Heavy Plow
33:38 Chain Mail Armor
33:19 Bodkin Arrow
34:24 Wheelbarrow
33:35 Town Watch
35:49 Town Patrol
36:19 Chain Barding Armor
35:54 Bodkin Arrow
36:49 Loom
38:34 Hand Cart
39:46 Gold Shaft Mining
42:29 Imperial Age
41:06 Leather Archer Armor
42:39 Elite Magyar Huszar
42:55 Cavalier
44:14 Plate Barding Armor
45:18 Ballistics
44:40 Treadmill Crane
46:03 Chemistry
44:47 Treadmill Crane
45:03 Murder Holes
45:30 Ballistics
46:52 Ballistics
46:13 Treadmill Crane
46:23 Onager
48:16 Paladin
51:32 Murder Holes
51:47 Masonry
51:44 Bracer
52:14 Ring Archer Armor
54:28 Ring Archer Armor
Morket
4:04 Loom
10:11 Feudal Age
16:02 Scale Barding Armor
18:14 Wheelbarrow
18:37 Bloodlines
26:02 Castle Age
24:32 Fletching
25:22 Town Watch
25:59 Double-Bit Axe
25:59 Horse Collar
26:42 Forging
26:26 Gold Mining
26:28 Stone Mining
28:09 Crossbowman
29:28 Bodkin Arrow
30:11 Iron Casting
37:25 Hand Cart
39:08 Gold Shaft Mining
39:12 Bodkin Arrow
49:01 Imperial Age
47:14 Town Patrol
49:36 Heavy Plow
51:12 Conscription
51:00 Double Crossbow
52:41 Chain Barding Armor
53:23 Blast Furnace
52:45 Light Cavalry
54:04 Plate Barding Armor
54:59 Redemption
58:20 Padded Archer Armor
58:13 Arson
62:45 Ballistics
malin la estrella xd
0:39 Loom
10:42 Feudal Age
13:23 Double-Bit Axe
13:49 Horse Collar
20:41 Castle Age
21:29 Wheelbarrow
20:39 Man-at-Arms
23:15 Bow Saw
33:02 Imperial Age
32:17 Fletching
33:13 Elite Hussite Wagon
34:18 Ballistics
33:33 Pikeman
34:13 Squires
35:47 Husbandry
36:16 Wagenburg Tactics
37:33 Forging
37:23 Scale Mail Armor
38:33 Cavalier
40:35 Iron Casting
40:50 Scale Barding Armor
43:38 Siege Engineers
46:23 Chain Barding Armor
49:01 Blast Furnace
50:29 Chain Mail Armor
50:04 Halberdier
52:28 Plate Mail Armor
52:31 Conscription
58:38 Fortified Wall
L7
0:34 Loom
10:43 Feudal Age
11:25 Double-Bit Axe
14:42 Gold Mining
19:07 Fletching
23:18 Castle Age
23:18 Stone Mining
23:22 Crossbowman
24:00 Bodkin Arrow
24:22 Bow Saw
23:56 Horse Collar
24:11 Pikeman
25:06 Scale Mail Armor
26:36 Ballistics
27:05 Squires
27:17 Forging
29:09 Murder Holes
30:07 Eagle Warrior
37:00 Thumb Ring
37:43 Padded Archer Armor
41:29 Wheelbarrow
42:05 Iron Casting
41:45 Town Watch
47:10 Imperial Age
45:34 Chain Mail Armor
47:12 Hand Cart
47:21 Hand Cart
47:07 Town Patrol
48:12 Conscription
49:16 Blast Furnace
48:46 Plate Mail Armor
47:59 Halberdier
51:10 Chemistry
50:27 Elite Eagle Warrior
51:55 Stone Shaft Mining
60:45 Bracer
Connection lost

Rejoining the realm…

Still unreachable

The connection could not be restored.

Session expired

The server has moved on; the page needs a fresh start.